 Dungeon Crawl Stone Soup version 0.20.1-1-g8b1a95d (webtiles) character file.

2387 Folque the Conjurer (level 9, -12/54 HPs)
             Began as an Octopode Wizard on Dec 6, 2017.
             Was a Follower of Sif Muna.
             Mangled by a two-headed ogre
             ... wielding a +0 giant club
              (29 damage)
             ... on level 8 of the Dungeon.
             The game lasted 00:40:38 (8275 turns).

Folque the Conjurer (Octopode Wizard)               Turns: 8275, Time: 00:40:41

Health: -12/54     AC:  1    Str:  7    XL:     9   Next: 46%
Magic:  3/19       EV: 13    Int: 23    God:    Sif Muna [*.....]
Gold:   419        SH:  0    Dex: 10    Spells: 8/21 levels left

rFire    . . .     SeeInvis .   G - +3 long sword (freeze)
rCold    . . .     Gourm    .   (no shield)
rNeg     . . .     Faith    .   a - +0 hat
rPois    .         Spirit   .   (no amulet)
rElec    .         Reflect  .   s - ring of wizardry
rCorr    .         Harm     .   (no ring)
MR       .....                  (no ring)
Stlth    +++.......             (no ring)
Regen    0.2/turn               (no ring)
MPRegen  0.2/turn               (no ring)
                                (no ring)
                                (no ring)

@: no status effects
A: almost no armour, stealthy swim, amphibious, 8 rings, constrict 8, camouflage
1, gelatinous body 1
a: Divine Energy, Renounce Religion


You were on level 8 of the Dungeon.
You worshipped Sif Muna.
Sif Muna was aware of your devotion.
You were not hungry.

You visited 2 branches of the dungeon, and saw 9 of its levels.
You also visited: Sewer and Ossuary.

You collected 419 gold pieces.

Inventory:

Hand Weapons
 e - a +0 mace
 o - a +1 scythe
 D - a +4 trident of freezing
 G - a +3 long sword of freezing (weapon)
Armour
 a - a +0 hat (worn)
 h - a +0 shield
Jewellery
 s - a ring of wizardry (left tentacle)
 y - an uncursed amulet of faith {unknown}
Scrolls
 g - a scroll of fog {unknown}
 i - 2 scrolls of fear {unknown}
 m - 3 scrolls of noise {unknown}
 n - 5 scrolls of identify
 r - 2 scrolls of remove curse {unknown}
 t - a scroll of recharging {unknown}
 u - 5 scrolls of enchant weapon
 v - 3 scrolls of amnesia
 C - a scroll of enchant armour {unknown}
 F - a scroll of immolation {unknown}
Potions
 f - 3 potions of might {unknown}
 k - 2 potions of agility {unknown}
 l - a potion of haste
 p - 2 potions of cancellation {unknown}
 q - 3 potions of brilliance {unknown}
 z - 4 potions of curing {unknown}
 A - 2 potions of resistance {unknown}
 B - a potion of heal wounds {unknown}
 E - a potion of mutation {unknown}
Books
 b - a book of Minor Magic

   Spells                             Type                      Level
   a - Magic Dart                     Conjuration                  1
   b - Blink                          Translocation                2
   c - Call Imp                       Summoning                    2
   d - Slow                           Hexes                        2
   e - Conjure Flame                  Conjuration/Fire             3
   f - Mephitic Cloud                 Conjuration/Poison/Air       3
 w - a book of Flames

   Spells                             Type                      Level
   a - Flame Tongue                   Conjuration/Fire             1
   b - Throw Flame                    Conjuration/Fire             2
   c - Conjure Flame                  Conjuration/Fire             3
   d - Inner Flame                    Hexes/Fire                   3
   e - Sticky Flame                   Conjuration/Fire             4
   f - Fireball                       Conjuration/Fire             5
Comestibles
 c - 4 bread rations
 d - 3 fruits
 j - 3 meat rations
 x - 2 royal jellies


   Skills:
 - Level 2.0 Fighting
 - Level 2.0 Dodging
 - Level 2.6 Stealth
 - Level 2.2 Shields
 + Level 6.6 Spellcasting
 * Level 7.5 Conjurations
 - Level 1.0 Summonings
 - Level 1.0 Translocations
 + Level 5.5 Fire Magic
 - Level 3.6 Poison Magic


You had 8 spell levels left.
You knew the following spells:

 Your Spells              Type           Power        Failure   Level  Hunger
a - Magic Dart            Conj           ####         1%          1    None
b - Call Imp              Summ           ##......     3%          2    None
c - Blink                 Tloc           N/A          3%          2    None
d - Mephitic Cloud        Conj/Pois/Air  ###.....     1%          3    None
e - Fireball              Conj/Fire      #####.....   6%          5    #####..


Dungeon Overview and Level Annotations

Branches:
Dungeon (8/15)             Temple (1/1) D:7
   Lair: D:8-11

Altars:
Ashenzari
Cheibriados
Dithmenos
Elyvilon
Gozag
Hepliaklqana
Nemelex Xobeh
Okawaru
Qazlal
Ru
Sif Muna
Trog
Uskayaw
Vehumet
Xom
Yredelemnul
Zin
The Shining One

Annotations:
D:4 exclusions: 2 eyes of draining, gnoll and orc
D:5 Grinder
D:6 Prince Ribbit


Innate Abilities, Weirdness & Mutations

You cannot wear most types of armour.
You are very stealthy in the water. (Stealth+)
You are amphibious.
You can wear up to eight rings at the same time.
You can use your tentacles to constrict eight enemies at once.
Your skin changes colour to match your surroundings (Stealth+).
Your rubbery body absorbs attacks. (AC +1, EV +1)


Message History

The sky beast appears confused.
A two-headed ogre comes into view. It is wielding two giant spiked clubs.
You see here a bullfrog corpse.
The two-headed ogre shouts in stereo!
The sky beast is engulfed in noxious fumes.
The sky beast appears confused.
Your magical contamination has completely faded away.
The sky beast is engulfed in noxious fumes.
The sky beast appears confused.
Found 24 sling bullets.
A killer bee comes into view.
An ice beast comes into view.
Casting: Mephitic Cloud
Confirm with . or Enter, or press ? or * to list all spells.
You blink.
The two-headed ogre hits you with a giant club!!
Ouch! That really hurt!
The two-headed ogre hits you with a giant club!!
Ouch! That really hurt!
You die...

#....≈≈≈...Y........
#...y≈≈≈...........
#.(..≈≈......#...###
#...§........#......
###.O.##....Y#......
#...##...÷†.......
###...###..≈........
#...O.# #..≈.......#
#...@.# #...≈.[....#
##....####...≈.(....#
#.......##...≈......#
#....................
#....................
#....................
##......≈≈≈..........
#......≈......###.
#.............#


You could see 2 two-headed ogres and a killer bee (wandering).

Vanquished Creatures
  Sigmund (D:2)
  A wraith (Ossuary)
  2 yaks (D:8)
  Eustachio (D:5)
  A water moccasin (D:7)
  Duvessa (D:6)
  2 ogres
  A centaur (D:5)
  A crocodile (Sewer)
  Blork the orc (D:6)
  3 bullfrogs
  3 scorpions
  Dowan (D:6)
  6 wights
  A quasit (D:6)
  A hound (D:4)
  An orc priest (D:7)
  An orc wizard (D:7)
  An iguana (D:4)
  2 worker ants
  A shadow imp (D:7)
  2 oozes
  An adder skeleton (D:5)
  4 worms
  2 dart slugs (D:2)
  2 leopard geckos
  7 orcs (D:7)
  2 ball pythons
  3 giant cockroaches
  9 goblins
  6 hobgoblins
  14 jackals
  3 quokkas
  8 bats
  6 frilled lizards
  2 hobgoblin skeletons (Ossuary)
  A hobgoblin zombie (Ossuary)
  A jackal zombie (D:6)
  7 kobolds
  An orc skeleton (Ossuary)
  2 orc zombies (Ossuary)
  A quokka skeleton (D:4)
  10 rats
127 creatures vanquished.

Vanquished Creatures (collateral kills)
  A wraith (Ossuary)
  Menkaure (D:4)
  A necrophage (D:5)
  A wight (Ossuary)
  A worker ant zombie (D:6)
  An adder (D:4)
  A worm (D:2)
  A leopard gecko (D:6)
  2 orcs (D:6)
  A jackal (Sewer)
  2 kobolds (Sewer)
13 creatures vanquished.

Grand Total: 140 creatures vanquished

Notes
Turn   | Place    | Note
-------+----------+-------------------------------------------
     0 | D:1      | Folque the Octopode Wizard began the quest for the Orb.
     0 | D:1      | Reached XP level 1. HP: 11/11 MP: 4/4
   115 | D:1      | Reached XP level 2. HP: 5/18 MP: 0/6
   321 | D:1      | Learned a level 2 spell: Call Imp
   324 | D:1      | Learned a level 2 spell: Blink
   509 | D:1      | Reached skill level 1 in Fighting
  1207 | D:2      | Reached XP level 3. HP: 24/24 MP: 3/7
  1212 | D:2      | Learned a level 3 spell: Mephitic Cloud
  1241 | D:2      | Noticed Sigmund
  1290 | D:2      | Killed Sigmund
  1290 | D:2      | Reached skill level 2 in Conjurations
  1290 | D:2      | Reached XP level 4. HP: 29/29 MP: 1/9
  1290 | D:2      | Reached XP level 5. HP: 34/34 MP: 1/10
  2140 | D:2      | Found a shadowy altar of Dithmenos.
  2337 | D:2      | Reached XP level 6. HP: 39/39 MP: 12/12
  2608 | D:3      | Found a sacrificial altar of Ru.
  3132 | D:4      | Reached skill level 1 in Shields
  3279 | D:4      | Reached skill level 3 in Conjurations
  3447 | D:4      | Learned a level 5 spell: Fireball
  3486 | D:4      | Found a bloodstained altar of Trog.
  3486 | D:4      | Noticed an eye of draining
  3486 | D:4      | Noticed an eye of draining
  3968 | D:5      | Entered Level 5 of the Dungeon
  3968 | D:5      | Noticed Menkaure
  4022 | D:4      | Reached XP level 7. HP: 26/45 MP: 5/13
  4035 | D:4      | HP: 1/67 [Menkaure (6)]
  4035 | D:4      | Killed Menkaure
  4035 | D:4      | Reached skill level 1 in Fire Magic
  4544 | D:5      | Noticed Grinder
  4627 | D:5      | Noticed Eustachio
  4639 | D:5      | Reached skill level 4 in Conjurations
  4669 | D:5      | Found a sparkling altar of Nemelex Xobeh.
  4822 | D:5      | Killed Eustachio
  4822 | D:5      | Reached skill level 5 in Spellcasting
  5205 | D:6      | Found a glowing drain.
  5214 | Sewer    | Entered a sewer
  5306 | Sewer    | Reached XP level 8. HP: 23/50 MP: 9/15
  5479 | D:6      | Noticed Duvessa
  5480 | D:6      | Found a sand-covered staircase.
  5480 | D:6      | Noticed Dowan
  5496 | D:6      | Killed Dowan
  5543 | D:6      | Killed Duvessa
  5554 | Ossuary  | Entered an ossuary
  5780 | Ossuary  | Noticed a wraith
  5780 | Ossuary  | Noticed a flying skull
  5791 | Ossuary  | Noticed a wraith
  6050 | Ossuary  | Noticed a flying skull
  6065 | Ossuary  | Killed a wraith
  6065 | Ossuary  | Reached skill level 5 in Conjurations
  6271 | Ossuary  | Noticed a wraith
  6410 | Ossuary  | Killed a wraith
  6474 | Ossuary  | Noticed a flying skull
  6687 | D:6      | Noticed Blork the orc
  6691 | D:6      | Noticed Prince Ribbit
  6697 | D:6      | Killed Blork the orc
  6697 | D:6      | Reached skill level 6 in Conjurations
  6899 | D:7      | Found a staircase to the Ecumenical Temple.
  6916 | Temple   | Entered the Ecumenical Temple
  6922 | Temple   | Became a worshipper of Sif Muna the Loreminder
  7278 | D:7      | Reached XP level 9. HP: 43/54 MP: 5/18
  7292 | D:7      | Reached skill level 5 in Fire Magic
  8036 | D:7      | Reached skill level 7 in Conjurations
  8216 | D:8      | Reached * piety under Sif Muna
  8220 | D:8      | Noticed a two-headed ogre
  8258 | D:8      | Noticed a two-headed ogre
  8275 | D:8      | Mangled by a two-headed ogre

Skill      XL: |  1  2  3  4  5  6  7  8  9 |
---------------+----------------------------+-----
Fighting       | 2 |  2.0
Conjurations   | 2 3 4 6 7 |  7.5
Poison Magic   | 3 |  3.6
Spellcasting   | 4 5 6 |  6.6
Shields        | 2 |  2.2
Fire Magic     | 3 4 5 |  5.5
Dodging        | |  2.0
Stealth        | |  2.6
Summonings     | |  1.0
Translocations | |  1.0

Action                   |  1- 3 |  4- 6 |  7- 9 || total
-------------------------+-------+-------+-------++-------
Melee: Mace              |    50 |       |       ||    50
       Constrict         |    10 |    20 |    33 ||    63
       Unarmed           |     1 |       |       ||     1
       Tentacles         |     1 |    14 |    11 ||    26
       Scythe            |       |   121 |   101 ||   222
       Trident           |       |       |    19 ||    19
       Long sword        |       |       |    44 ||    44
 Cast: Magic Dart        |    12 |    16 |    13 ||    41
       Call Imp          |     2 |     5 |    35 ||    42
       Mephitic Cloud    |     1 |     6 |    26 ||    33
       Blink             |       |     1 |    19 ||    20
       Fireball          |       |       |    23 ||    23
  Use: Scroll            |       |     5 |     4 ||     9
       Potion            |       |       |     5 ||     5
 Stab: Sleeping          |     5 |    13 |     6 ||    24
       Confused          |       |     1 |     6 ||     7
       Distracted        |       |       |     1 ||     1
  Eat: Chunk             |     1 |    10 |    11 ||    22
       Meat ration       |       |       |     1 ||     1
       Bread ration      |       |       |     1 ||     1
Armor: Skin              |     6 |     2 |     5 ||    13
Dodge: Dodged            |    35 |    54 |    99 ||   188
       Rpst.: Long sword |       |       |     6 ||     6
